 Dungeon Crawl Stone Soup version 0.29.1-2-gbd0b4ee654 (webtiles) character file.

Game seed: 8677538541165473232

1231 xian the Shooter (level 8, -1/66 HPs)
             Began as a White Draconian Hunter on Nov 27, 2022.
             Killed by divine providence
             ... invoked by an orc priest
              (9 damage)
             ... on level 6 of the Dungeon.
             The game lasted 00:11:28 (5687 turns).

xian the Shooter (White Draconian Hunter)           Turns: 5687, Time: 00:11:29

Health: -1/66      AC: 11    Str: 16    XL:     8   Next: 24%
Magic:  0/12       EV: 13    Int:  9    God:
Gold:   304        SH:  0    Dex: 15    Spells: 10/13 levels left

rFire   + . .      SeeInvis .   a - +0 shortbow
rCold   . . .      Faith    .   (shield currently unavailable)
rNeg    . . .      Spirit   +   (body armour unavailable)
rPois   .          Reflect  .   (helmet restricted)
rElec   .          Harm     .   (no cloak)
rCorr   .          Rampage  .   (no gloves)
Will    .....                   k - +0 pair of boots
Stlth   ++........              s - amulet of guardian spirit
HPRegen 0.21/turn               d - +4 ring of protection
MPRegen 0.13/turn               c - ring of fire

@: no status effects
A: breathe frost, AC +6, unfitting armour, cold resistance 1, cold-blooded
a: Breathe Frost


You were on level 6 of the Dungeon.
You visited 1 branch of the dungeon, and saw 6 of its levels.

You collected 304 gold pieces.

Inventory:

Hand Weapons
 a - a +0 shortbow (weapon)
 t - a +2 mace of protection
Missiles
 m - a throwing net
Armour
 k - a +0 pair of boots (worn)
Jewellery
 c - a ring of fire (right hand)
 d - a +4 ring of protection (left hand)
 s - an amulet of guardian spirit (around neck)
Wands
 o - a wand of mindburst (21)
 x - a wand of charming (8)
Scrolls
 b - 2 scrolls of immolation
 e - a scroll of noise {unknown}
 f - a scroll of teleportation {unknown}
 i - 5 scrolls of blinking
 j - 2 scrolls of poison {unknown}
 l - 3 scrolls of identify {unknown}
 n - a scroll of acquirement {unknown}
 p - a scroll of butterflies {unknown}
 r - 2 scrolls of fear {unknown}
 v - a scroll of amnesia {unknown}
Potions
 g - 3 potions of attraction {unknown}
 h - 2 potions of might
 q - a potion of curing {unknown}
 u - a potion of flight {unknown}
 w - a potion of degeneration {unknown}


   Skills:
 + Level 4.0 Fighting
 + Level 7.4 Ranged Weapons
 + Level 2.8 Dodging
 + Level 1.4 Stealth
 * Level 3.1 Spellcasting
 * Level 3.6 Summonings
 + Level 0.1 Evocations


You had 10 spell levels left.
You knew the following spells:

 Your Spells              Type           Power      Damage    Failure   Level
a - Summon Small Mammal   Summ           28%        N/A       7%          1
b - Call Imp              Summ           7%         N/A       11%         2

Your spell library contained the following spells:

 Spells                   Type           Power      Damage    Failure   Level
 Call Canine Familiar     Summ           7%         N/A       21%         3
 Foxfire                  Conj/Fire      8%         2x1d4     30%         1
 Magic Dart               Conj           4%         1d3       30%         1
 Shock                    Conj/Air       4%         1d3       30%         1
 Summon Guardian Golem    Hex/Summ       4%         N/A       38%         3
 Ensorcelled Hibernation  Hex/Ice        2%         N/A       41%         2
 Passwall                 Tmut/Erth      0%         N/A       41%         2
 Conjure Flame            Conj/Fire      2%         6-21      65%         3
 Inner Flame              Hex/Fire       2%         N/A       65%         3
 Mephitic Cloud           Conj/Pois/Air  1%         N/A       65%         3
 Swiftness                Air            1%         N/A       65%         3
 Summon Ice Beast         Ice/Summ       4%         N/A       80%         4
 Airstrike                Air            0%         2d(1-17)  96%         4
 Flame Wave               Conj/Fire      2%         2d4       96%         4
 Summon Mana Viper        Hex/Summ       4%         N/A       98%         5
 Monstrous Menagerie      Summ           3%         N/A       100%        7


Dungeon Overview and Level Annotations

Branches:
Dungeon (6/15)
 Temple: D:4-7

Altars:
Gozag
Sif Muna
Zin

Shops:
D:5 (

Annotations:
D:4 1 runed translucent door, safid's ghost, amateur MiHu


Innate Abilities, Weirdness & Mutations

You can breathe waves of freezing cold which knock back foes.
Your icy white scales are hard. (AC +6)
You cannot fit into any form of body armour.
Your flesh is cold resistant. (rC+)
You are cold-blooded and may be slowed by cold attacks.


Message History

The adder closely misses your iron imp. The orc warrior barely misses you.
Your rat bites the orc warrior.
The orc unwields a +0 sling.
The orc wields a +0 hand axe.
The orc barely misses you. The orc closely misses your rat.
The orc barely misses your iron imp.
You shoot an arrow. The arrow hits the orc.
You kill the orc!
The orc warrior closely misses you.
Your rat barely misses the orc warrior.
Unknown command.
You shoot an arrow.
The arrow closely misses the orc warrior.
The orc warrior hits you with a +0 flail!
Your rat bites the orc warrior but does no damage.
Your iron imp closely misses the orc warrior.
Unknown command.
You are too injured to fight recklessly!
Unknown command.
Fire: a) +0 shortbow
Press: ? - help, Q - select action, (/) - cycle Shift-Dir - straight line, f/p - orc warrior
Aim: an orc warrior, wielding a +0 flail and wearing a +0 plate armour (lightly wounded, ally target, 64% to hit)
You shoot an arrow.
The arrow hits the orc warrior but does no damage.
The orc warrior is lightly wounded.
The adder bites you but does no damage.
The orc warrior hits you with a +0 flail!
* * * LOW HITPOINT WARNING * * *
The orc priest drinks a potion.
The orc priest seems to grow stronger.
Your rat bites the orc warrior.
The adder bites you but does no damage.
Your iron imp closely misses the orc warrior.
Blink to where?
Press: ? - help, Dir - move target, p - orc warrior
Found a bubbling white potion.
As you read the scroll labelled LIODGH UN ULIFO, it crumbles to dust.
It was a scroll of blinking.
Your rat barely misses the orc warrior.
The orc priest begins to cast a cantrip, but forgets the words!
The orc priest invokes the aid of Beogh against you.
Pain shoots through your body!
* * * LOW HITPOINT WARNING * * *
The orc priest calls down the wrath of Beogh upon you.
Beogh smites you!
You die... ....... ....... ....... .S... #### oo..

##..#### ###
##.?##......# ##.##
..
#..)#.......#####...#
..
#.)...)o#.@..#.)..##
..
#.#....##..........#
..
###.r..##...........#
##
##.###............#
.# #So###o..#.###.###
.# ##...#S.#.#... ##
.. #.............# ..
#.............## ..
#..............#


You could see an orc priest (strong) and an adder.

Vanquished Creatures
  An ice beast (D:6)
  A black bear (D:3)
  An ogre (D:4)
  A bullfrog (D:5)
  4 scorpions
  A necrophage (D:6)
  2 jellies (D:4)
  A hound (D:3)
  3 orc priests
  8 orc wizards
  An iguana (D:5)
  4 gnolls (D:4)
  6 adders
  An ufetubus (D:4)
  3 worms
  A dart slug (D:5)
  19 orcs
  4 bats
  4 endoplasms
  2 giant cockroaches (D:1)
  6 goblins
  4 hobgoblins
  9 jackals
  5 kobolds
  2 quokkas
  4 ball pythons
  A frilled lizard (D:2)
  2 rats
101 creatures vanquished.

Vanquished Creatures (collateral kills)
  2 orcs
2 creatures vanquished.

Vanquished Creatures (others)
  33 plants (D:3)
33 creatures vanquished.

Grand Total: 136 creatures vanquished

Notes
Turn   | Place    | Note
-------+----------+-------------------------------------------
     0 | D:1      | xian the Draconian Hunter began the quest for the Orb.
     0 | D:1      | Reached XP level 1. HP: 17/17 MP: 1/1
   140 | D:1      | Reached skill level 4 in Ranged Weapons
   143 | D:1      | Reached XP level 2. HP: 24/24 MP: 2/2
   726 | D:1      | Found a faded altar of an unknown god.
  1250 | D:2      | Learned a level 1 spell: Summon Small Mammal
  1260 | D:2      | Reached XP level 3. HP: 30/30 MP: 2/4
  2033 | D:3      | Reached XP level 4. HP: 23/37 MP: 5/5
  2045 | D:3      | Reached skill level 1 in Spellcasting
  2402 | D:3      | Found a shimmering blue altar of Sif Muna.
  2749 | D:4      | Noticed an ogre
  2757 | D:4      | Killed an ogre
  2758 | D:4      | Reached skill level 5 in Ranged Weapons
  2758 | D:4      | Reached skill level 1 in Stealth
  2758 | D:4      | Reached skill level 1 in Summonings
  2758 | D:4      | Reached XP level 5. HP: 32/44 MP: 5/7
  3042 | D:4      | Reached XP level 6. HP: 40/51 MP: 8/8
  3693 | D:4      | Reached skill level 6 in Ranged Weapons
  3696 | D:4      | Learned a level 2 spell: Call Imp
  3711 | D:4      | Found a runed translucent door.
  3716 | D:4      | Noticed safid's ghost (amateur MiHu)
  3832 | D:4      | Your scales start taking on an icy white colour.
  3832 | D:4      | Reached XP level 7. HP: 57/57 MP: 10/10
  3832 | D:4      | Gained mutation: Your flesh is cold resistant. (rC+) [White
                  | Draconian growth]
  4312 | D:4      | Found an opulent altar of Gozag.
  4487 | D:5      | Entered Level 5 of the Dungeon
  4671 | D:5      | Found Hoiq Lea's Weapon Boutique.
  4985 | D:5      | Reached skill level 7 in Ranged Weapons
  5051 | D:5      | Reached XP level 8. HP: 66/66 MP: 12/12
  5133 | D:5      | Found a glowing silver altar of Zin.
  5687 | D:6      | Killed from afar by an orc priest

Illustrated notes

Levels and vault maps discovered:
D:1:      erik_arrival_triangle_medium, layout_loops_ring,
          shapermc_ecumenical_altar_mp_vishouse, supply_closet_lemuel
D:2:      layout_basic, nicolae_hexahallways
D:3:      layout_loops_ring, mainiacjoe_overflow_six_doors_small, minivault_5,
          nicolae_concentric_dashed_squares_wild, serial_bayou_lagoon_a
D:4:      layout_gridville, grunt_gozag_statues, ebering_ghost_reflecting_pool
D:5:      layout_rooms, zin_treasury, serial_shops, nicolae_square_shop
D:6:      layout_cave_pools, lemuel_zombie_altar_kikubaaqudgha, uniq_sigmund,
          uniq_pikel

Skill      XL: |  1  2  3  4  5  6  7  8 |
---------------+-------------------------+-----
Ranged Weapons | 4 5 6 7 |  7.4
Spellcasting   | 1 2 3 |  3.1
Dodging        | 2 |  2.8
Stealth        | 1 |  1.4
Summonings     | 1 2 3 |  3.6
Fighting       | 3 4 |  4.0
Evocations     | |  0.1

Action                   |  1- 3 |  4- 6 |  7- 9 || total
-------------------------+-------+-------+-------++-------
 Fire: Shortbow          |   113 |   126 |   197 ||   436
 Cast: Call Imp          |       |       |     9 ||     9
       Summon Small Mamm |       |       |     5 ||     5
 Abil: Breathe Frost     |       |       |     7 ||     7
Evoke: Wand              |       |     4 |       ||     4
  Use: Scroll            |       |       |     1 ||     1
Armor: Skin              |    30 |    38 |    64 ||   132
Dodge: Dodged            |    39 |    48 |    90 ||   177
